 Dungeon Crawl Stone Soup version 0.21-a0-46-gdf2c162 (webtiles) character file.

49 roguesci the Insei (level 3, -1/18 HPs)
             Began as a Vine Stalker Transmuter on June 7, 2017.
             Slain by a gnoll
             ... wielding a +0 whip
              (4 damage)
             ... on level 2 of the Dungeon.
             The game lasted 00:04:38 (2513 turns).

roguesci the Insei (Vine Stalker Transmuter)        Turns: 2513, Time: 00:04:38

Health: -1/18      AC:  3    Str: 12    XL:     3   Next: 75%
Magic:  0/8        EV: 12    Int: 14    God:
Gold:   36         SH:  0    Dex: 14    Spells: 6/7 levels left

rFire    . . .     SeeInvis .     - Unarmed
rCold    . . .     Gourm    .   (no shield)
rNeg     + . .     Faith    .   b - +0 robe
rPois    .         Spirit   +   (no helmet)
rElec    .         Reflect  .   (no cloak)
rCorr    .         Harm     .   e - +0 pair of gloves
MR       .....                  (boots currently unavailable)
Stlth    ..........             (no amulet)
Regen    0.1/turn               g - ring of loudness (curse)
MPRegen  0.2/turn               j - ring of positive energy

@: appendage (expiring)
A: fangs 2, talons 3, magic shield, antimagic bite, no potion heal 3, rot
immunity
a: End Transformation


You were on level 2 of the Dungeon.
You were not hungry.
You had grown temporary talons.
You visited 1 branch of the dungeon, and saw 2 of its levels.

You collected 36 gold pieces.

Inventory:

Missiles
 a - 12 arrows
 i - 36 stones (quivered)
Armour
 b - a +0 robe (worn)
 e - a +0 pair of gloves (worn)
Jewellery
 g - a cursed ring of loudness (left hand)
 h - an uncursed ring of protection from cold {unknown}
 j - a ring of positive energy (right hand)
Wands
 m - a wand of polymorph (3/24)
Scrolls
 l - 2 scrolls of identify {unknown}
Books
 c - a book of Changes

   Spells                             Type                      Level
   a - Beastly Appendage              Transmutation                1
   b - Sticks to Snakes               Transmutation                2
   c - Spider Form                    Transmutation/Poison         3
   d - Ice Form                       Ice/Transmutation            4
   e - Blade Hands                    Transmutation                5
Comestibles
 d - 4 bread rations
 f - a meat ration


   Skills:
 * Level 1.5 Fighting
 + Level 0.7 Armour
 * Level 1.9 Dodging
 + Level 0.3 Stealth
 + Level 3.1 Unarmed Combat
 * Level 2.9 Spellcasting
 + Level 2.1 Transmutations


You had 6 spell levels left.
You knew the following spells:

 Your Spells              Type           Power        Failure   Level  Hunger
a - Beastly Appendage     Tmut           #.....       9%          1    #......


Dungeon Overview and Level Annotations

Branches:
Dungeon (2/15)

Altars:


Innate Abilities, Weirdness & Mutations

You have extremely sharp teeth.
When hurt, damage is shared between your health and your magic reserves.
Your bite disrupts and absorbs the magic of your enemies.
Potions cannot restore your health.
You are immune to rotting.
You have claws for feet.


Message History

You hit the gnoll. Your kick misses the gnoll. Your bite misses the gnoll.
The gnoll is moderately wounded.
The gnoll hits you with a whip!
You hit the gnoll but do no damage. You claw the gnoll.
Your bite misses the gnoll.
The gnoll is heavily wounded.
The gnoll hits you but does no damage.
You barely miss the gnoll. You claw the gnoll. Your bite misses the gnoll.
The gnoll is severely wounded.
The gnoll hits you with a whip.
You closely miss the gnoll. You claw the gnoll.
The gnoll is almost dead.
The gnoll hits you with a whip.
* * * LOW HITPOINT WARNING * * *
You barely miss the gnoll. Your kick misses the gnoll.
You bite the gnoll, but do no damage.
The gnoll is almost dead.
Your transformation is almost over.
The gnoll hits you with a whip!
You die...

###≈≈≈≈≈≈_.≈≈≈≈.#
###.≈≈≈≈♣≈≈≈≈≈≈.#
....≈≈≈≈≈≈≈≈≈≈.#
#.≈≈≈≈≈≈≈≈≈≈≈≈#
#≈.≈≈≈≈≈≈≈≈≈..#
#.≈≈.≈...≈.≈≈.#
#......g≈..≈≈≈#
##g############ ###
########@# ##.##
#.....##.#
##.#.###.###.##.#
#.###......#.##.##########
##.#.###.#........>......#
##.## #..........######.#
#.# #######...## #.# #.#
##.## #.# #.# #.#
#####.###


You could see a gnoll.

Vanquished Creatures
  An adder (D:2)
  2 dart slugs
  A leopard gecko (D:2)
  2 bats (D:1)
  A giant cockroach (D:1)
  6 goblins
  4 hobgoblins
  7 jackals
  3 frilled lizards
  2 kobolds (D:1)
  4 rats (D:1)
33 creatures vanquished.

Notes
Turn   | Place    | Note
-------+----------+-------------------------------------------
     0 | D:1      | roguesci the Vine Stalker Transmuter began the quest for the Orb.
     0 | D:1      | Reached XP level 1. HP: 9/9 MP: 4/4
   348 | D:1      | Reached XP level 2. HP: 10/14 MP: 3/6
   518 | D:1      | Reached skill level 1 in Fighting
  1408 | D:1      | Reached XP level 3. HP: 15/18 MP: 7/7
  2347 | D:2      | Found a faded altar of an unknown god.
  2513 | D:2      | Slain by a gnoll

Vault maps used:
D:1:      lemuel_arrival_broad_hall
D:2:      ashenzari_conservatory_becter, first_bread,
          chequers_ecumenical_altar_island, ashenzari_altar_1

Skill      XL: |  1  2 |
---------------+-------+-----
Fighting       | 1 |  1.5
Armour         | |  0.7
Dodging        | |  1.9
Stealth        | |  0.3
Unarmed Combat | |  3.1
Spellcasting   | |  2.9
Transmutations | |  2.1

Action                   || total
-------------------------++-------
Melee: Unarmed           ||   128
       Bite              ||    26
       Headbutt          ||     2
       Kick              ||     6
       Punch             ||     1
Throw: Stone             ||     4
 Cast: Beastly Appendage ||     9
  Use: Potion            ||     2
  Eat: Chunk             ||     5
Armor: Robe              ||    20
Dodge: Dodged            ||    94
